 Dungeon Crawl Stone Soup version 0.17.1-2-g5865329 (webtiles) character file.

5008 xeno23 the Fighter (level 10, 34/82 HPs)
             Began as a Demonspawn Abyssal Knight on Feb 12, 2016.
             Was an Elder of Lugonu.
             Drowned
             ... on level 9 of the Dungeon.
             The game lasted 00:53:10 (11890 turns).

xeno23 the Fighter (Demonspawn Abyssal Knight)     Turns: 11890, Time: 00:53:10

Health: 34/82      AC: 18    Str: 20    XL:     10   Next: 29%
Magic:  16/16      EV: 11    Int: 21    God:    Lugonu [****..]
Gold:   273        SH:  0    Dex: 13    Spells: 0 memorised, 9 levels left

rFire  . . .     SeeInvis +     G - +0 flail (crush)
rCold  . . .     Clarity  .     O - +1 plate armour
rNeg   . . .     SustAt   .     (no shield)
rPois  +         Gourm    .     n - +1 hat {Int+3}
rElec  .         Spirit   .     p - +2 cloak
rCorr  .         Warding  .     V - +0 pair of gloves (curse)
rMut   .         Stasis   .     (no boots)
MR     .....                    (no amulet)
Stlth  +.........               e - ring "Qastremeg" {rPois Int+4 SInv}
                                C - ring of flight

@: mighty, not resistant to hostile enchantments, very unstealthy
A: talons 1, repulsion field 2, nightstalker 2, powered by pain 1
a: Depart the Abyss, Bend Space, Banish, Corrupt, Renounce Religion, Evoke
Flight


You were on level 9 of the Dungeon.
You worshipped Lugonu.
Lugonu was greatly pleased with you.
You were very hungry.

You visited 1 branch of the dungeon, and saw 9 of its levels.
You visited the Abyss 1 time.

You collected 538 gold pieces.
You spent 265 gold pieces at shops.

Inventory:

Hand Weapons
 a - a -2 blowgun
 w - a +0 hand crossbow
 G - a +0 flail of crushing (weapon)
Missiles
 H - 14 poisoned needles
 I - 10 bolts of frost
 R - a throwing net (quivered)
 T - 54 bolts
Armour
 n - a +1 hat of intelligence (worn)
 p - a +2 cloak (worn)
 A - a +0 scale mail
 L - a +0 chain mail
 O - a +1 plate armour (worn)
 V - a cursed +0 pair of gloves (worn)
Jewellery
 e - the ring "Qastremeg" (right hand) {rPois Int+4 SInv}
   (You found it on level 5 of the Dungeon)

   [ring of see invisible]

   It affects your intelligence (+4).
   It protects you from poison.
   It lets you see invisible.
 s - an uncursed ring of magical power
 x - an uncursed ring of fire
 C - a ring of flight (left hand)
 J - an uncursed ring of fire
 Q - a +1 ring of protection
Wands
 j - a wand of confusion (28)
 E - a wand of paralysis (0)
 P - a wand of digging (10)
 S - a wand of magic darts (27)
 W - a wand of slowing (28)
Scrolls
 b - a scroll of identify
 i - 2 scrolls of recharging
 k - a scroll of noise
 l - 2 scrolls of enchant armour
 o - a scroll of fog {unknown}
 v - a scroll of amnesia
 y - 4 scrolls of teleportation
 B - a scroll of blinking
 D - 2 scrolls of magic mapping
 X - a scroll of torment {unknown}
Potions
 d - a potion of ambrosia
 g - a potion of agility
 m - a potion of heal wounds
 r - 2 potions of resistance
 t - a potion of flight
 u - 2 potions of curing
 z - a potion of brilliance {unknown}
 K - a potion of beneficial mutation {unknown}
 M - 2 potions of might
 U - a potion of cancellation {unknown}
Books
 f - a Young Poisoner's Handbook

   Spells                             Type                      Level
   a - Sting                          Conjuration/Poison           1
   b - Cure Poison                    Poison                       2
   c - Mephitic Cloud                 Conjuration/Poison/Air       3
   d - Olgreb's Toxic Radiance        Poison                       4
   e - Venom Bolt                     Conjuration/Poison           5
 N - a book of Debilitation

   Spells                             Type                      Level
   a - Corona                         Hexes                        1
   b - Slow                           Hexes                        2
   c - Gell's Gravitas                Hexes/Translocation          3
   d - Inner Flame                    Hexes/Fire                   3
   e - Cause Fear                     Hexes                        4
   f - Leda's Liquefaction            Hexes/Earth                  4
Comestibles
 c - 8 bread rations
 h - a meat ration
 q - a beef jerky
 F - 2 fruits


   Skills:
 * Level 8.8 Fighting
 * Level 7.7 Maces & Flails
 + Level 5.2 Armour
 + Level 5.4 Dodging
 + Level 8.1 Invocations


You had 9 spell levels left.
You didn't know any spells.

Dungeon Overview and Level Annotations

Branches:
Dungeon (9/15)             Temple (0/1) D:6            Lair (0/8) D:9
    Orc: D:9-12

Altars:
Ashenzari
Kikubaaqudgha
Makhleb
Nemelex Xobeh
Qazlal
Trog
Xom
Yredelemnul

Shops:
D:6 *

Annotations:
D:2 Robin


Innate Abilities, Weirdness & Mutations

You have sharp toenails.
You are surrounded by a moderate repulsion field (EV +3).
You are significantly more attuned to the shadows.
You sometimes gain a little power by taking damage.


Message History

The wolf is almost dead.
The hound splashes around in the water.
The wolf splashes around in the water.
The wolf closely misses you. The wolf bites you.
The hound bites you but does no damage. The wolf completely misses you.
You take 2 damage.
You are feeling very hungry.
You hit the wolf.
You kill the wolf!
Lugonu accepts your kill. The hound barely misses you. x2
You thump the troll! You claw the troll.
The troll is heavily wounded.
The wolf barely misses you. The hound closely misses you.
The troll bites you but does no damage. The troll closely misses you.
The troll closely misses you.
The wolf splashes around in the water.
You barely miss the troll. Your kick misses the troll.
The troll is moderately wounded.
You float gracefully downwards.
You fall into the water!
You sink like a stone!
You drown...
You die...

#....≈≈≈.≈
#..≈≈.≈≈.≈
#..≈≈l...≈
#.≈≈≈ho..≈
##########≈≈≈≈T≈...
.......##≈≈≈@h≈...
##.......†≈≈≈≈h≈.>.
...###.##≈≈≈≈≈;... #
#.###.##≈≈≈≈≈.≈.≈
#.##.......≈≈≈≈≈≈≈≈≈
#.....#####..≈≈≈≈≈≈≈
#.##..# ...≈≈
###..>..# ≈
....##..#


You could see a troll, a wolf, an iguana, 2 hounds, an electric eel and an orc
wizard.

Vanquished Creatures
  Psyche (D:8)
  A two-headed ogre (D:8)
  A spriggan (D:8)
  A wyvern (D:7)
  2 wolves (D:9)
  A water moccasin (D:9)
  3 sky beasts
  4 ice beasts
  2 phantoms
  2 orc warriors (D:7)
  5 ogres
  2 centaurs
  7 giant frogs
  2 crocodiles (D:8)
  A gnoll sergeant (D:7)
  3 big kobolds (D:8)
  5 killer bees
  2 scorpions (D:7)
  An electric eel (D:9)
  8 hounds
  2 crimson imps
  2 orc priests
  A jelly (D:5)
  3 orc wizards
  3 centaur skeletons
  A worker ant (D:6)
  2 iguanas (D:4)
  A worker ant zombie (D:6)
  3 gnolls
  11 adders
  A shadow imp (D:6)
  An ooze (D:1)
  3 worms
  4 giant geckos
  22 orcs
  9 bats
  3 giant cockroaches
  16 goblins
  6 hobgoblins
  27 kobolds
  4 quokkas
  A ball python (D:1)
  A giant gecko skeleton (D:5)
  5 giant newts
  13 jackals
  A quokka zombie (D:6)
  9 rats
209 creatures vanquished.

Vanquished Creatures (others)
  An orc warrior (D:6)
  An ogre (D:5)
  A killer bee (D:8)
3 creatures vanquished.

Grand Total: 212 creatures vanquished

Notes
Turn   | Place    | Note
--------------------------------------------------------------
     0 | Abyss:1  | xeno23 the Demonspawn Abyssal Knight began the quest for the Orb.
     0 | Abyss:1  | Reached XP level 1. HP: 18/18 MP: 2/2
    19 | Abyss:1  | Noticed a starcursed mass
    30 | D:1      | Escaped the Abyss
   139 | D:1      | Reached skill level 1 in Dodging
   204 | D:1      | Gained mutation: You are surrounded by a mild repulsion field (EV +2). [demonic ancestry]
   204 | D:1      | Reached XP level 2. HP: 17/24 MP: 4/4
   355 | D:1      | Reached ** piety under Lugonu
   552 | D:1      | Gained mutation: You are slightly more attuned to the shadows. [demonic ancestry]
   552 | D:1      | Reached XP level 3. HP: 29/29 MP: 5/5
   917 | D:2      | Found a shimmering altar of Xom.
  1012 | D:2      | Found a stormy altar of Qazlal.
  1099 | D:2      | Found a sparkling altar of Nemelex Xobeh.
  1132 | D:2      | Noticed Robin
  1203 | D:2      | Reached XP level 4. HP: 7/37 MP: 6/6
  2064 | D:3      | Reached skill level 4 in Fighting
  2346 | D:3      | Reached XP level 5. HP: 23/42 MP: 7/7
  2699 | D:3      | Reached *** piety under Lugonu
  2989 | D:4      | Found a bloodstained altar of Trog.
  3207 | D:4      | Found a burning altar of Makhleb.
  3267 | D:4      | Gained mutation: You are significantly more attuned to the shadows. [demonic ancestry]
  3267 | D:4      | Reached XP level 6. HP: 49/49 MP: 9/9
  3719 | D:5      | Entered Level 5 of the Dungeon
  4025 | D:5      | Found a shattered altar of Ashenzari.
  4040 | D:5      | Reached skill level 5 in Fighting
  4040 | D:5      | Gained mutation: You are surrounded by a moderate repulsion field (EV +3). [demonic ancestry]
  4040 | D:5      | Reached XP level 7. HP: 31/56 MP: 10/10
  4733 | D:5      | Got a vibrating lead ring
  4735 | D:5      | Identified the ring "Qastremeg" {rPois Int+4 SInv} (You found it on level 5 of the Dungeon)
  4742 | D:5      | Reached skill level 5 in Invocations
  5391 | D:5      | Gained mutation: You have sharp toenails. [demonic ancestry]
  5391 | D:5      | Reached XP level 8. HP: 25/64 MP: 11/11
  5898 | D:6      | Found a staircase to the Ecumenical Temple.
  5988 | D:6      | Reached skill level 6 in Fighting
  6257 | D:6      | Reached skill level 5 in Maces & Flails
  6354 | D:6      | Found Qoemorgh's General Store.
  6360 | D:6      | Bought a scroll of blinking for 97 gold pieces
  6480 | D:6      | Bought a scroll of magic mapping for 45 gold pieces
  6480 | D:6      | Bought a scroll of recharging for 123 gold pieces
  6539 | D:6      | Paralysed by a crimson imp for 5 turns
  6549 | D:6      | Paralysed by a crimson imp for 3 turns
  6558 | D:6      | Paralysed by a crimson imp for 6 turns
  7074 | D:8      | Reached **** piety under Lugonu
  7472 | D:7      | HP: 2/65 [ice beast (6)]
  7893 | D:7      | Reached skill level 7 in Fighting
  8187 | D:7      | Found a basalt altar of Yredelemnul.
  8190 | D:7      | Gained mutation: You sometimes gain a little power by taking damage. [demonic ancestry]
  8190 | D:7      | Reached XP level 9. HP: 72/72 MP: 13/13
  8877 | D:8      | Noticed a two-headed ogre
  8882 | D:8      | Killed a two-headed ogre
  9291 | D:8      | Found an ancient bone altar of Kikubaaqudgha.
 10345 | D:8      | Noticed Psyche
 10368 | D:8      | Killed Psyche
 10368 | D:8      | Reached skill level 8 in Fighting
 10368 | D:8      | Reached skill level 5 in Armour
 10368 | D:8      | Reached skill level 5 in Dodging
 10831 | D:8      | Reached XP level 10. HP: 55/82 MP: 15/15
 11873 | D:9      | Found a staircase to the Lair.
 11890 | D:9      | Drowned

Action                   |  1- 3 |  4- 6 |  7- 9 | 10-12 || total
-------------------------+-------+-------+-------+-------++-------
Melee: Mace              |   127 |   304 |   369 |       ||   800
       Flail             |       |       |   324 |   127 ||   451
 Fire: Hand crossbow     |       |       |     4 |       ||     4
       Blowgun           |       |       |     1 |    14 ||    15
Throw: Throwing net      |       |       |     2 |     1 ||     3
Invok: Bend Space        |       |     2 |     1 |       ||     3
       Banish            |       |       |     3 |     1 ||     4
 Abil: Evoke Flight      |       |       |       |     1 ||     1
Evoke: Wand              |       |       |     4 |       ||     4
  Use: Potion            |     1 |     4 |     2 |     3 ||    10
       Scroll            |       |     1 |    12 |       ||    13
 Stab: Invisible         |     1 |     2 |       |       ||     3
       Sleeping          |     1 |     4 |     5 |       ||    10
       Distracted        |       |     1 |       |       ||     1
       Confused          |       |       |     1 |       ||     1
       Held in net/web   |       |       |       |     1 ||     1
  Eat: Chunk             |     1 |    10 |     8 |     3 ||    22
       Meat ration       |       |       |     3 |       ||     3
       Pizza             |       |       |     1 |       ||     1
